 Dungeon Crawl Stone Soup version 0.31-a0-968-g24f9ace8b5 (webtiles) character file.

Game seed: 11717208806814841022

25676 pokeman the Eclecticist (level 12, -1/68 HPs)
             Began as a Deep Elf Hedge Wizard on Oct 28, 2023.
             Was an Elder of Vehumet.
             Hit by a large rock thrown by a stone giant (45 damage)
             ... on level 14 of the Dungeon.
             The game lasted 00:46:07 (16773 turns).

pokeman the Eclecticist (Deep Elf Hedge Wizard)    Turns: 16773, Time: 00:46:09

Health: -1/68      AC:  8    Str:  7    XL:     12   Next: 91%
Magic:  22/36      EV: 13    Int: 37    God:    Vehumet [****..]
Gold:   600        SH:  5    Dex: 24    Spells: 16/48 levels left

rFire   + . .        R - staff of conjuration
rCold   . . .        (no shield)
rNeg    . . .        p - +1 leather armour {rPois}
rPois   +            H - +0 helmet
rElec   .            z - +0 cloak
rCorr   .            (no gloves)
SInv    .            B - +0 pair of boots of Nofo {*Corrode Drain rF+ Dex+7}
Will    +....        Q - amulet "Gough" {Reflect Dex+3 SH+5}
Stlth   +++          l - +6 ring of intelligence
HPRegen 0.31/turn    w - +6 ring of intelligence
MPRegen 0.25/turn

%: corrode self (3%), reflection
@: studying Shapeshifting
A: no striking features
a: Renounce Religion


You were on level 14 of the Dungeon.
You worshipped Vehumet.
Vehumet was greatly pleased with you.
You visited 2 branches of the dungeon, and saw 15 of its levels.
You also visited: Gauntlet.

You collected 892 gold pieces.
You spent 292 gold pieces at shops.

Inventory:

Hand Weapons
 r - a +4 spear of venom
Missiles
 q - a throwing net
Armour
 b - +0 acid dragon scales
 p - a +1 leather armour of poison resistance (worn)
 z - a +0 cloak (worn)
 B - the +0 pair of boots of Nofo (worn) {*Corrode Drain rF+ Dex+7}
   (You found it on level 8 of the Dungeon)

   Dex+7:     It affects your dexterity (+7).
   rF+:       It protects you from fire.
   *Corrode:  It may corrode you when you take damage.
   Drain:     It drains your maximum health when unequipped.
 H - a +0 helmet (worn)
 U - a +1 ring mail of fire resistance
 W - a +0 robe of resistance
Magical Staves
 R - a staff of conjuration (weapon)
Jewellery
 a - a ring of magical power
 l - a +6 ring of intelligence (left hand)
 w - a +6 ring of intelligence (right hand)
 N - the ring of the Hare {EV+10}
   (You found it in a Gauntlet)

   [ring of evasion]

   EV+10:     It affects your evasion (+10).
 P - a ring of protection from fire
 Q - the amulet "Gough" (around neck) {Reflect Dex+3 SH+5}
   (You found it in a Gauntlet)

   [amulet of reflection]

   Reflect:   It reflects blocked missile attacks.
   Dex+3:     It affects your dexterity (+3).
   SH+5:      It affects your SH (+5).
Wands
 m - a wand of paralysis (28)
 n - a wand of iceblast (33)
 s - a wand of light (21)
Scrolls
 e - a scroll of enchant armour {unknown}
 g - 6 scrolls of identify
 h - 10 scrolls of teleportation
 j - a scroll of revelation
Potions
 c - a potion of brilliance
 d - a potion of magic
 t - 2 potions of haste
 v - 4 potions of heal wounds
 E - 5 potions of curing
Miscellaneous
 T - a condenser vane


   Skills:
 - Level 5.0 Fighting
 - Level 5.0 Armour
 - Level 3.0 Dodging
 - Level 3.1 Stealth
 + Level 4.0 Shields
 * Level 18.5 Spellcasting
 + Level 11.2 Conjurations
 - Level 1.1 Summonings
 - Level 1.1 Translocations
 + Level 9.0 Fire Magic
 - Level 1.0 Ice Magic
 - Level 1.0 Air Magic
 - Level 1.0 Earth Magic
 - Level 1.0 Poison Magic
 - Level 1.0 Evocations


You had 16 spell levels left.
You knew the following spells:

 Your Spells              Type           Power      Damage    Failure   Level
a - Magic Dart            Conj           100%       1d8       0%          1
b - Mephitic Cloud        Conj/Pois/Air  79%        N/A       1%          3
c - Call Imp              Summ           84%        N/A       1%          2
d - Blink                 Tloc           84%        N/A       1%          2
e - Flame Wave            Conj/Fire      100%       2d21      1%          4
f - Stone Arrow           Conj/Erth      100%       3d13      1%          3
g - Orb of Destruction    Conj           54%        9d14      3%          7
h - Lee's Rapid Deconstr  Erth           21%        3d12*     6%          5
i - Freezing Cloud        Conj/Ice/Air   39%        6-21      1%          5

Your spell library contained the following spells:

 Spells                   Type           Power      Damage    Failure   Level
 Slow                     Hex            100%       N/A       1%          1
 Cigotuvi's Dreadful Rot  Necr/Pois/Air  78%        N/A       1%          2
 Poisonous Vapours        Pois/Air       84%        N/A       1%          2
 Scorch                   Fire           100%       2d9       1%          2
 Frozen Ramparts          Ice            84%        1d13      1%          3
 Inner Flame              Hex/Fire       61%        N/A       1%          3
 Sticky Flame             Conj/Fire      100%       2d11      1%          4
 Ozocubu's Armour         Ice            42%        N/A       2%          3
 Confusing Touch          Hex            34%        N/A       3%          3
 Sigil of Binding         Hex            34%        N/A       3%          3
 Summon Guardian Golem    Hex/Summ       38%        N/A       3%          3
 Vampiric Draining        Necr           34%        2d8       3%          3
 Petrify                  Tmut/Erth      38%        N/A       11%         4
 Spellforged Servitor     Conj/Summ      44%        N/A       22%         7
 Metabolic Englaciation   Hex/Ice        19%        N/A       28%         5
 Summon Cactus Giant      Summ           21%        N/A       77%         6
 Simulacrum               Ice/Necr       19%        N/A       85%         6


Dungeon Overview and Level Annotations

Branches:
Dungeon (14/15)            Temple (1/1) D:4            Lair (0/5) D:8
    Orc (0/2) D:11         Vaults (0/5) D:14        Gauntlet (visited)

Altars:
Ashenzari
Cheibriados
Dithmenos
Elyvilon
Fedhas
Gozag
Hepliaklqana
Kikubaaqudgha
Makhleb
Nemelex Xobeh
Okawaru
Qazlal
Ru
Sif Muna
Trog
Uskayaw
Vehumet
Wu Jian
Xom
Yredelemnul
Zin
The Shining One

Shops:
D:1 [   D:3 ?   D:8 *   D:10 ?

Annotations:
D:8 2 transporters, Sundig's ghost, novice MiFi
D:9 Angel behind rock
D:10 Moth behind grate


Message History

You kill the deep elf pyromancer!
Vehumet accepts your kill.
You feel your power returning.
Unknown command.
There is an open door here.
You see here a +0 long sword.
You open the gate.
A stone giant comes into view.
Found four human corpses and 37 gold pieces.
Found a gate to the Vaults.
Casting: Mephitic Cloud (safe; 1% risk of failure)
Confirm with . or Enter, or press ? or * to list all spells.
Aiming: Magic Dart (safe; 0% risk of failure)
Press: ? - help, Shift-Dir - straight line, f - stone giant
Aim: a stone giant, quivering large rocks (asleep, 100% to hit)
You feel a surge of power!
The magic dart hits the stone giant but does no damage.
The stone giant shouts!
The stone giant throws a large rock.
The large rock hits you!!
There is an open door here.
You see here a +0 long sword.
You close the door, pushing everything out of the way.
Casting: Magic Dart (safe; 0% risk of failure)
Confirm with . or Enter, or press ? or * to list all spells.
Aiming: Orb of Destruction (quite dangerous; 3% risk of failure)
Press: ? - help, Shift-Dir - straight line, f/p - stone giant
Aim: a stone giant, quivering large rocks You feel a surge of power!
Unknown command.
The orb of destruction hits the stone giant!!!
The stone giant is severely wounded.
Casting: Orb of Destruction (quite dangerous; 3% risk of failure)
Confirm with . or Enter, or press ? or * to list all spells.
Aiming: Orb of Destruction (quite dangerous; 3% risk of failure)
Press: ? - help, Shift-Dir - straight line, f/p - stone giant
Aim: a stone giant, quivering large rocks (severely wounded)
You feel a surge of power!
The stone giant throws a large rock.
The large rock hits you!!!
Ouch! That really hurt!
You die...

#..........#######..†$.##
#.....#....#....#†..8...#
#.....#....#....# .....#
#.....#...<#....###'''###
#.....#....#.............
#..........#.........#...
#..........#.........# .
#..(.......#.........#
#.......@..#....######
#.......*###....#
#.#####.○#...C..# #.#
#..#......# #.#
#.○#......#
#.#####.○#......#
#......C○#......#
#........#......########.
#......#.##+#####........


You could see a stone giant (ally target).

Vanquished Creatures
  A minotaur (Gauntlet)
  3 hydras
  5 two-headed ogres
  2 centaur warriors (D:13)
  A boulder beetle (D:13)
  2 tengu warriors
  An obsidian statue (Gauntlet)
  Pikel (D:7)
  2 deep elf pyromancers
  2 ugly things (D:13)
  6 manticores
  3 cyclopes
  A salamander (shapeshifter) (D:13)
  Maurice (D:8)
  2 gargoyles (D:12)
  Psyche (D:8)
  4 kobold demonologists
  A yaktaur (shapeshifter) (D:13)
  A tengu conjurer (D:13)
  5 trolls
  3 hornets (Gauntlet)
  A centaur simulacrum (D:13)
  3 wraiths
  2 shadows (D:11)
  A vampire (D:10)
  2 wyverns
  12 yaks
  A steam dragon (D:7)
  A water moccasin (D:6)
  An acid dragon (D:12)
  Duvessa (D:7)
  2 orc warriors (D:9)
  2 ice beasts (D:6)
  A sky beast (D:8)
  A meliai simulacrum (D:14)
  An ogre (D:9)
  A centaur (D:10)
  4 lemures (D:7)
  4 small abominations (Gauntlet)
  6 kobold brigands
  2 gnoll sergeants
  2 scorpions
  Dowan (D:7)
  4 howler monkeys
  4 electric eels
  A lava snake (D:9)
  5 orc priests
  3 hounds
  A jelly (D:6)
  Crazy Yiuf (D:7)
  2 gnoll boudas
  3 sleepcaps
  Terence (D:2)
  3 iguanas
  9 orc wizards
  6 adders
  16 gnolls
  2 shadow imps
  A white imp (D:8)
  2 ufetubi (D:6)
  2 worms (D:10)
  6 dart slugs
  51 orcs
  10 endoplasms
  A giant cockroach (D:1)
  4 goblins
  7 hobgoblins
  10 jackals
  3 quokkas
  7 ball pythons
  5 bats
  3 frilled lizards
  21 kobolds
  8 rats
302 creatures vanquished.

Vanquished Creatures (collateral kills)
  A gnoll (D:6)
1 creature vanquished.

Vanquished Creatures (others)
  A human (D:5)
1 creature vanquished.

Grand Total: 304 creatures vanquished

Notes
Turn   | Place    | Note
-------+----------+-------------------------------------------
     0 | D:1      | pokeman the Deep Elf Hedge Wizard began the quest for the
                  | Orb.
     0 | D:1      | Reached XP level 1. HP: 10/10 MP: 7/7
    28 | D:1      | Found Cecuikocw's Armour Shoppe.
   158 | D:1      | Reached XP level 2. HP: 16/16 MP: 5/9
   544 | D:1      | You fall into a shaft and drop 1 floor!
   569 | D:2      | Reached skill level 5 in Spellcasting
   729 | D:1      | Reached XP level 3. HP: 19/20 MP: 3/11
   735 | D:1      | Learned a level 3 spell: Mephitic Cloud
   738 | D:1      | Learned a level 2 spell: Call Imp
   741 | D:1      | Learned a level 2 spell: Blink
  1251 | D:2      | Reached skill level 1 in Armour
  1392 | D:2      | Reached skill level 1 in Fighting
  1576 | D:2      | Reached XP level 4. HP: 25/25 MP: 7/13
  2155 | D:3      | Noticed Terence
  2281 | D:2      | Killed Terence
  2356 | D:2      | Reached skill level 6 in Spellcasting
  2356 | D:2      | Reached XP level 5. HP: 14/29 MP: 10/15
  2576 | D:3      | Found Vak Viyk's Magic Scroll Boutique.
  2581 | D:3      | Bought a scroll of revelation for 75 gold pieces
  2664 | D:3      | Identified the ring "Qeifochu" {Ice rElec rN+ rCorr Int-5
                  | Slay+3}
  3253 | D:4      | Reached skill level 1 in Air Magic
  3253 | D:4      | Reached skill level 1 in Poison Magic
  3393 | D:4      | Found a staircase to the Ecumenical Temple.
  3399 | Temple   | Found a transporter.
  3399 | Temple   | Found a transporter.
  3399 | Temple   | Found a transporter.
  3399 | Temple   | Found a transporter.
  3399 | Temple   | Entered the Ecumenical Temple
  3421 | Temple   | Became a worshipper of Vehumet
  4121 | D:4      | Reached XP level 6. HP: 34/34 MP: 13/17
  4656 | D:5      | Entered Level 5 of the Dungeon
  4666 | D:5      | Reached skill level 1 in Evocations
  4874 | D:5      | Reached skill level 7 in Spellcasting
  4992 | D:5      | Found a glowing golden altar of the Shining One.
  5068 | D:5      | Found a stormy altar of Qazlal.
  5142 | D:5      | Found an ancient bone altar of Kikubaaqudgha.
  5142 | D:5      | Noticed a human
  5147 | D:5      | Killed a human
  5365 | D:5      | Reached * piety under Vehumet
  5365 | D:5      | Offered knowledge of Shock by Vehumet.
  5513 | D:5      | Found a sparkling altar of Nemelex Xobeh.
  5681 | D:6      | Reached XP level 7. HP: 39/39 MP: 15/20
  5699 | D:6      | Reached skill level 8 in Spellcasting
  6084 | D:6      | Reached skill level 9 in Spellcasting
  6253 | D:6      | Reached ** piety under Vehumet
  6254 | D:6      | Reached XP level 8. HP: 31/44 MP: 18/23
  6419 | D:6      | Offered knowledge of Kiss of Death by Vehumet.
  6420 | D:6      | Reached skill level 5 in Conjurations
  6654 | D:6      | Reached skill level 10 in Spellcasting
  6933 | D:7      | Noticed Duvessa
  6933 | D:7      | Noticed Dowan
  6949 | D:7      | Killed Duvessa
  6951 | D:7      | Killed Dowan
  6952 | D:7      | Noticed Pikel
  7324 | D:7      | Found a snail-covered altar of Cheibriados.
  7349 | D:7      | Reached skill level 11 in Spellcasting
  7478 | D:7      | Killed Pikel
  7479 | D:7      | Reached XP level 9. HP: 26/51 MP: 8/26
  7590 | D:7      | Learned a level 4 spell: Flame Wave
  7819 | D:7      | Found a runed translucent door.
  7820 | D:7      | Noticed Crazy Yiuf
  8228 | D:7      | Killed Crazy Yiuf
  8279 | D:8      | Noticed Sundig's ghost (novice MiFi)
  8279 | D:8      | Found a transporter.
  8297 | D:8      | Found a transporter.
  8337 | D:8      | Reached skill level 12 in Spellcasting
  8337 | D:8      | Reached skill level 1 in Fire Magic
  8537 | D:8      | Noticed Maurice
  8555 | D:8      | Killed Maurice
  8693 | D:8      | Found a staircase to the Lair.
  8693 | D:8      | Identified the +0 pair of boots of Nofo {*Corrode Drain rF+
                  | Dex+7}
  8957 | D:8      | Noticed a moth of wrath
  8998 | D:8      | Noticed Psyche
  9008 | D:8      | Killed Psyche
  9009 | D:8      | Reached skill level 13 in Spellcasting
  9280 | D:8      | Found Koetacko's General Store.
  9288 | D:8      | Bought a scroll of identify for 32 gold pieces
  9375 | D:3      | Bought a scroll of identify for 20 gold pieces
  9375 | D:3      | Bought a scroll of identify for 20 gold pieces
  9375 | D:3      | Bought a scroll of revelation for 75 gold pieces
  9375 | D:3      | Bought a scroll of identify for 20 gold pieces
  9375 | D:3      | Bought a scroll of identify for 20 gold pieces
  9606 | D:9      | Noticed a kobold demonologist
  9615 | D:9      | Noticed a kobold demonologist
  9620 | D:9      | Killed a kobold demonologist
  9620 | D:9      | Noticed an ice devil
  9621 | D:9      | Reached XP level 10. HP: 44/56 MP: 20/29
  9791 | D:9      | Noticed a two-headed ogre
  9811 | D:9      | Killed a two-headed ogre
  9890 | D:9      | Offered knowledge of Stone Arrow by Vehumet.
  9915 | D:9      | Learned a level 3 spell: Stone Arrow
  9986 | D:9      | Reached skill level 14 in Spellcasting
 10080 | D:9      | Reached *** piety under Vehumet
 10146 | D:9      | Reached skill level 1 in Earth Magic
 10522 | D:9      | Found a shimmering blue altar of Sif Muna.
 10621 | D:9      | Noticed an angel
 10622 | D:9      | Found a glowing silver altar of Zin.
 11107 | D:10     | Entered Level 10 of the Dungeon
 11112 | D:10     | Offered knowledge of Olgreb's Toxic Radiance by Vehumet.
 11115 | D:10     | Noticed a manticore
 11118 | D:10     | Noticed a two-headed ogre
 11119 | D:10     | Reached skill level 5 in Fire Magic
 11172 | D:10     | Found Tugidum's Magic Scroll Emporium.
 11175 | D:10     | Bought a scroll of identify for 30 gold pieces
 11211 | D:10     | Killed a manticore
 11220 | D:10     | Learned a level 7 spell: Orb of Destruction
 11432 | D:10     | Noticed a two-headed ogre
 11436 | D:10     | Killed a two-headed ogre
 11879 | D:10     | Found a basalt altar of Yredelemnul.
 11879 | D:10     | Found a broken altar of Ashenzari.
 11880 | D:10     | Found an iron altar of Okawaru.
 11982 | D:10     | Killed a two-headed ogre
 11983 | D:10     | Reached skill level 15 in Spellcasting
 11983 | D:10     | Reached XP level 11. HP: 61/61 MP: 21/32
 12073 | D:10     | Found a bloodstained altar of Trog.
 12435 | D:11     | Found a gate leading to a gauntlet.
 12443 | D:11     | Reached skill level 5 in Armour
 12443 | D:11     | Found a staircase to the Orcish Mines.
 12451 | Gauntlet | Entered a Gauntlet
 12451 | Gauntlet | Found a transporter.
 12451 | Gauntlet | Found a transporter.
 12536 | Gauntlet | Found a transporter.
 12554 | Gauntlet | Found the ring of the Hare {EV+10}
 12555 | Gauntlet | Found a transporter.
 12572 | Gauntlet | Found a transporter.
 12572 | Gauntlet | Found a transporter.
 12574 | Gauntlet | Found a transporter.
 12577 | Gauntlet | Found a transporter.
 12577 | Gauntlet | Found a transporter.
 12590 | Gauntlet | Found a transporter.
 12590 | Gauntlet | Noticed an obsidian statue
 12605 | Gauntlet | Noticed a quicksilver ooze
 12606 | Gauntlet | Found a transporter.
 12621 | Gauntlet | Found a runed translucent gate.
 12622 | Gauntlet | Found a transporter.
 12622 | Gauntlet | Found a runed translucent gate.
 12623 | Gauntlet | Found a runed translucent gate.
 12624 | Gauntlet | Noticed a death scarab
 12624 | Gauntlet | Noticed a death scarab
 12626 | Gauntlet | Found a transporter.
 12663 | Gauntlet | Found a transporter.
 12663 | Gauntlet | Noticed a catoblepas
 12784 | Gauntlet | Paralysed by a hornet for 2 turns
 12984 | Gauntlet | Killed an obsidian statue
 12987 | Gauntlet | Identified the amulet "Gough" {Reflect Dex+3 SH+5}
 13055 | Gauntlet | Found the +10 tower shield of Ignorance {rN+ Int-4}
 13055 | Gauntlet | Identified the +5 battleaxe "Elf's Death" {heavy, Fragile
                  | rPois rN+ rCorr}
 13055 | Gauntlet | Noticed a minotaur
 13059 | Gauntlet | Killed a minotaur
 13208 | D:11     | Reached skill level 16 in Spellcasting
 13255 | D:11     | Reached **** piety under Vehumet
 13520 | D:11     | Found a shadowy altar of Dithmenos.
 13524 | D:11     | Reached skill level 5 in Fighting
 13572 | D:11     | Noticed a two-headed ogre
 13575 | D:11     | Killed a two-headed ogre
 13612 | D:11     | Reached skill level 1 in Shields
 13612 | D:11     | Reached skill level 10 in Conjurations
 14128 | D:12     | Noticed a six-headed hydra
 14142 | D:12     | Killed a six-headed hydra
 14255 | D:12     | Reached XP level 12. HP: 68/68 MP: 26/34
 14394 | D:12     | Offered knowledge of Lee's Rapid Deconstruction by Vehumet.
 14402 | D:12     | Learned a level 5 spell: Lee's Rapid Deconstruction
 14513 | D:12     | Reached skill level 17 in Spellcasting
 14548 | D:12     | Learned a level 5 spell: Freezing Cloud
 14990 | D:12     | Reached skill level 1 in Ice Magic
 15176 | D:13     | Noticed a centaur warrior
 15179 | D:13     | Killed a centaur warrior
 15288 | D:13     | Noticed a five-headed hydra
 15291 | D:13     | Killed a five-headed hydra
 15424 | D:13     | Noticed a boulder beetle
 15432 | D:13     | Killed a boulder beetle
 15668 | D:13     | Noticed a five-headed hydra
 15672 | D:13     | Killed a five-headed hydra
 15798 | D:13     | Noticed a centaur warrior
 15803 | D:13     | Killed a centaur warrior
 15953 | D:13     | Noticed a two-headed ogre
 15955 | D:13     | Killed a two-headed ogre
 15956 | D:13     | Reached skill level 18 in Spellcasting
 15977 | D:13     | Noticed a tengu warrior
 15985 | D:13     | Killed a tengu warrior
 16521 | D:14     | Noticed a tengu warrior
 16535 | D:14     | Killed a tengu warrior
 16746 | D:14     | Found a gate to the Vaults.
 16746 | D:14     | Noticed a stone giant
 16773 | D:14     | Hit by a large rock thrown by a stone giant

Illustrated notes

Levels and vault maps discovered:
D:1:      wander_arrival_chamber, layout_basic, serial_shops,
          nicolae_shop_waterfront
D:2:      layout_loops_ring
D:3:      layout_rooms, serial_shops, nicolae_shop_rolling_square,
          grunt_ministairs_13, chequers_avenue, hangedman_decor_clover_reticule,
          uniq_terence
D:4:      layout_layer_cave, minmay_temple_entry_hall, serial_bayou_lagoon_b
D:5:      layout_loops_ring, nemelex_diamond_rough_becter, tgw_kikubaaqudgha,
          nicolae_qazlal_general_emergency, tso_oasis_becter, serial_rivers,
          chequers_serial_rivers_micro_d, chequers_serial_rivers_marsh,
          chequers_serial_rivers_micro_c, chequers_serial_rivers_micro_b,
          chequers_serial_rivers_room_b, chequers_serial_rivers_small_b,
          hangedman_abyss_or_decor_passed, corexii_corridor_pit
D:6:      layout_loops_cross
D:7:      layout_basic, overflow_temple_1_default, chequers_big_river,
          uniq_pikel, uniq_crazy_yiuf_cottage, uniq_duvessa
D:8:      layout_loops_corners, lair_entry_dummy,
          gammafunk_ghost_berserking_beasts, serial_shops, shop, uniq_maurice,
          uniq_psyche
D:9:      layout_roguey [special_room_orc], nicolae_sif_muna_condensation,
          zin_angel, kennysheep_flooded_box, fountainhead,
          palyth_stone_intersect
D:10:     layout_basic, gammafunk_temple_overflow_claw, tgw_trog, minivault_19,
          nicolae_stop_n_shop_2
D:11:     layout_gridville, orc_0_dummy, gauntlet_entry_generic,
          grunt_dithmenos_shadows
D:12:     layout_irregular_city, serial_bayou_crossing
D:13:     layout_roguey
D:14:     layout_stronghold, hellmonk_vaults_attempted_burglary,
          ebering_ghost_rock_garden, hangedman_abyss_or_decor_lesser_grid
Temple:   hellmonk_temple_divided_pantheon

Skill      XL: |  1  2  3  4  5  6  7  8  9 10 11 12 |
---------------+-------------------------------------+-----
Spellcasting   | 5 6 7 9 11 13 15 16 18 | 18.5
Armour         | 1 2 3 4 5 |  5.0
Fighting       | 1 2 3 4 5 |  5.0
Conjurations   | 2 3 4 6 7 8 10 11 | 11.2
Dodging        | 3 |  3.0
Stealth        | 3 |  3.1
Air Magic      | 1 |  1.0
Poison Magic   | 1 |  1.0
Evocations     | 1 |  1.0
Fire Magic     | 3 5 7 9 |  9.0
Earth Magic    | 1 |  1.0
Shields        | 1 4 |  4.0
Ice Magic      | 1 |  1.0
Summonings     | |  1.1
Translocations | |  1.1

Action                     |  1- 3 |  4- 6 |  7- 9 | 10-12 || total
---------------------------+-------+-------+-------+-------++-------
  Melee: Dagger            |     9 |       |       |       ||     9
         War axe           |     7 |    22 |       |       ||    29
         Short sword       |       |    44 |    21 |       ||    65
         Spear             |       |       |   151 |    49 ||   200
         Punch             |       |       |     1 |     2 ||     3
         Staff             |       |       |       |     3 ||     3
   Cast: Magic Dart        |    93 |   132 |   105 |    85 ||   415
         Mephitic Cloud    |       |     6 |    38 |    25 ||    69
         Call Imp          |       |     3 |     6 |       ||     9
         Blink             |       |     1 |       |     1 ||     2
         Flame Wave        |       |       |     3 |    17 ||    20
         Stone Arrow       |       |       |       |   112 ||   112
         Orb of Destructio |       |       |       |    20 ||    20
         Lee's Rapid Decon |       |       |       |     4 ||     4
         Freezing Cloud    |       |       |       |     2 ||     2
    Use: Scroll            |       |       |       |    17 ||    17
   Stab: Sleeping          |     1 |       |       |       ||     1
         Confused          |       |     5 |    15 |     5 ||    25
         Distracted        |       |       |     1 |       ||     1
 Armour: Robe              |     9 |    16 |       |       ||    25
         Leather armour    |       |     8 |    75 |    59 ||   142
  Dodge: Dodged            |    19 |    57 |    37 |    52 ||   165
  Block: Other             |       |    20 |    21 |    22 ||    63
         Reflection        |       |     1 |       |     1 ||     2

Table legend: (Time is in decaauts)
 A = Elapsed time spent in this place.
 B = Non-inter-level travel time spent in this place.
 C = Inter-level travel time spent in this place.
 D = Time resting spent in this place.
 E = Time spent auto-exploring this place.
 F = Levels seen in this place.
 G = Mean time per level.
                   A        B        C        D        E       F      G
               +--------+--------+--------+--------+--------+-----+--------+
         Total |  16865 |  15900 |    965 |    515 |  12783 |  16 | 1054.1 |
       Dungeon |  16144 |  15182 |    962 |    515 |  12487 |  14 | 1153.1 |
        Temple |     76 |     73 |      3 |      0 |      0 |   1 |   76.0 |
      Gauntlet |    644 |    644 |      0 |      0 |    296 |   1 |  644.0 |
               +--------+--------+--------+--------+--------+-----+--------+

Top non-repeatable levels by time:
     D:9: 1618 daAuts
     D:4: 1579 daAuts
     D:6: 1369 daAuts
     D:7: 1345 daAuts
     D:2: 1332 daAuts
    D:10: 1259 daAuts
    D:13: 1207 daAuts
     D:8: 1198 daAuts
     D:5: 1164 daAuts
     D:1: 1092 daAuts
    D:12: 1002 daAuts
    D:11: 780 daAuts
     D:3: 755 daAuts
Gauntlet: 644 daAuts
    D:14: 439 daAuts
